 Dungeon Crawl Stone Soup version 0.24.0-37-gcf1ca852f1 (webtiles) character file.

Game seed: 4927879416670729339, levelgen mode: deterministic

229554 Mesmaeker13 the Peltast (level 18, -6/105 HPs)
             Began as a Pale Draconian Conjurer on Nov 21, 2019.
             Was a High Priest of Hepliaklqana.
             Killed from afar by a deep elf sorcerer (28 damage)
             ... with a bolt of acid
             ... on level 1 of the Elven Halls.
             The game lasted 02:40:46 (53209 turns).

Mesmaeker13 the Peltast (Pale Draconian Conjurer)  Turns: 53209, Time: 02:40:47

Health: -6/105     AC: 20    Str: 11    XL:     18   Next: 30%
Magic:  11/34      EV: 22    Int: 22    God:    Hepliaklqana [*****.]
Gold:   657        SH: 13    Dex: 16    Spells: 20/41 levels left

rFire    + . .     SeeInvis +   d - +5 spear "Rutis" {flame, rElec Dex+3}
rCold    + . .     Gourm    .   I - +0 shield
rNeg     + . .     Faith    .   (armour unavailable)
rPois    .         Spirit   .   m - +2 hat {SInv}
rElec    +         Reflect  .   z - +2 cloak {rF+}
rCorr    .         Harm     .   g - +2 pair of gloves
MR       ++++.     Clarity  +   O - +1 pair of boots
Stlth    ++........             D - amulet of the Four Winds {rN+ MR+++ Clar}
HPRegen  0.27/turn              h - ring of protection from cold
MPRegen  0.24/turn              F - +4 ring of protection

@: corroded, very slightly contaminated
A: breathe steam, unfitting armour, reduced essence, stinger 1, talons 1, wild
magic 1, cold-blooded, AC +10
}: 2/15 runes: decaying, serpentine
a: Breathe Steam, Recall Ancestor, Ancestor Identity, Transference, Idealise,
Renounce Religion


You were on level 1 of the Elven Halls.
You worshipped Hepliaklqana.
Hepliaklqana was extremely pleased with you.
You were not hungry.

You visited 7 branches of the dungeon, and saw 33 of its levels.
You also visited: Bailey and Volcano.

You collected 2941 gold pieces.
You spent 2284 gold pieces at shops.

Inventory:

Hand Weapons
 d - the +5 spear "Rutis" (weapon) {flame, rElec Dex+3}
   (You found it on level 11 of the Dungeon)

   It has been specially enchanted to burn those struck by it, causing extra
   injury to most foes and up to half again as much damage against particularly
   susceptible opponents.
   It affects your dexterity (+3).
   It insulates you from electricity.
 y - the +8 hand axe of Eternal Vigilance {protect, rF+ Int+4}
   (You took it off a crimson imp on level 7 of the Dungeon)

   It grants its wielder temporary protection when it strikes (+7 to AC).
   It affects your intelligence (+4).
   It protects you from fire.
Armour
 g - a +2 pair of gloves (worn)
 m - a +2 hat of see invisible (worn)
 z - a +2 cloak of fire resistance (worn)
 I - a +0 shield (worn)
 K - a +2 cloak of poison resistance
 O - a +1 pair of boots (worn)
Jewellery
 h - a ring of protection from cold (left hand)
 q - an uncursed ring of flight
 D - the amulet of the Four Winds (around neck) {rN+ MR+++ Clar}
   (You bought it in a shop on level 2 of the Orcish Mines)

   [amulet of nothing]

   It protects you from negative energy.
   It affects your resistance to hostile enchantments.
   It protects you against confusion.
 F - a +4 ring of protection (right hand)
Wands
 t - a wand of iceblast (4)
 R - a wand of disintegration (13)
Scrolls
 a - 4 scrolls of magic mapping
 j - 7 scrolls of remove curse
 n - 2 scrolls of teleportation
 o - a scroll of amnesia
 u - a scroll of blinking
Potions
 e - 5 potions of resistance
 f - 2 potions of ambrosia
 i - 3 potions of curing
 k - a potion of agility
 l - 4 potions of flight
 p - a potion of invisibility
 w - a potion of brilliance
 x - a potion of berserk rage
 G - a potion of haste
Miscellaneous
 L - a crystal ball of energy
 V - a fan of gales
Comestibles
 b - 11 rations


   Skills:
 - Level 6.0 Polearms
 + Level 12.9 Dodging
 - Level 1.7 Stealth
 - Level 15.0 Shields
 + Level 12.2 Spellcasting
 - Level 13.1 Conjurations
 - Level 12.0 Hexes
 + Level 13.5 Fire Magic
 - Level 3.2 Air Magic
 - Level 4.2 Poison Magic
 + Level 4.9 Invocations


You had 20 spell levels left.
You knew the following spells:

 Your Spells              Type           Power        Failure   Level  Hunger
a - Bolt of Fire          Conj/Fire      #######...   5%          6    #####..
c - Dazzling Spray        Conj/Hex       ######       1%          3    None
d - Fulminant Prism       Conj/Hex       ######....   1%          4    None
e - Mephitic Cloud        Conj/Pois/Air  ######..     1%          3    None
f - Fireball              Conj/Fire      #######...   1%          5    ####...

Your spell library contained the following spells:

 Spells                   Type           Power        Failure   Level  Hunger
 Flame Tongue             Conj/Fire      #####        1%          1    None
 Magic Dart               Conj           ####         1%          1    None
 Sting                    Conj/Pois      ####         1%          1    None
 Searing Ray              Conj           ######       1%          2    None
 Slow                     Hex            ######..     1%          2    None
 Throw Frost              Conj/Ice       ######       1%          2    None
 Conjure Flame            Conj/Fire      #######.     1%          3    None
 Static Discharge         Conj/Air       ######..     1%          3    None
 Iskenderun's Mystic Bla  Conj           #######.     1%          4    None
 Ignite Poison            Fire/Tmut/Pois ######..     2%          3    None
 Poisonous Vapours        Pois/Air       #####.       3%          2    None
 Force Lance              Conj/Tloc      ######..     5%          4    None
 Venom Bolt               Conj/Pois      ######....   6%          5    ####...
 Blink                    Tloc           N/A          12%         2    None
 Call Imp                 Summ           ###.....     12%         2    None
 Olgreb's Toxic Radiance  Pois           #####...     13%         4    None
 Irradiate                Conj/Tmut      ######....   13%         5    ####...
 Lesser Beckoning         Tloc           ###.......   21%         3    None
 Ignition                 Fire           #######...   83%         8    #######
 Ring of Flames           Chrm/Fire      ######....   96%         7    #######


Dungeon Overview and Level Annotations

Branches:
Dungeon (15/15)            Temple (1/1) D:6            Lair (6/6) D:8
  Swamp (4/4) Lair:4        Snake (4/4) Lair:4        Slime (0/5) Lair:6
    Orc (2/2) D:9             Elf (1/3) Orc:2        Vaults (0/5) D:14
 Depths (0/5) D:15         Bailey (visited)         Volcano (visited)

Altars:
Ashenzari
Cheibriados
Dithmenos
Elyvilon
Fedhas
Gozag
Hepliaklqana
Kikubaaqudgha
Makhleb
Nemelex Xobeh
Okawaru
Qazlal
Ru
Sif Muna
Trog
Uskayaw
Vehumet
Wu Jian
Xom
Yredelemnul
Zin
The Shining One
Beogh

Shops:
D:11 !   D:12 %   Orc:1 :   Orc:2 *?(=   Snake:4 (

Annotations:
D:14 Rupert


Innate Abilities, Weirdness & Mutations

You can breathe blasts of scalding, opaque steam.
Your pale cyan-grey scales are hard. (AC +10)
You cannot fit into any form of body armour.
You are cold-blooded and may be slowed by cold attacks.
Your life essence is reduced to manifest your ancestor. (-10% HP)
Your tail ends in a poisonous barb.
You have sharp toenails.
Your spells are a little harder to cast, but a little more powerful.


Message History

The blast of energy engulfs the ice beast!!
You kill the ice beast!
The blast of energy engulfs the deep elf mage!
The deep elf mage is almost dead.
Unknown command.
Casting: Bolt of Fire (slightly dangerous; 5% risk of failure)
Confirm with . or Enter, or press ? or * to list all spells.
Aiming: Bolt of Fire (slightly dangerous; 5% risk of failure)
Press: ? - help, Shift-Dir - straight line, f - deep elf sorcerer
Aim: a deep elf sorcerer, wielding a +0 long sword (almost dead, fast)
You miscast Bolt of Fire.
You are very lightly contaminated with residual magic.
Wisps of smoke drift from your hands.
The deep elf sorcerer points at you and mumbles some strange words.
The sphere of damnation explodes!
The damnation engulfs you!!!
* * * LOW HITPOINT WARNING * * *
The damnation engulfs Njabulo!!
The deep elf sorcerer points at you and mumbles some strange words.
The bolt of acid hits you!!
You die...

....
.e..
.e..e
.$...
.)..
#e.
##e#
##)#
#@##
#R##
#.#
#.#
#.#
+#


You could see the friendly Njabulo the knight, a deep elf sorcerer, 2 deep elf
archers and a deep elf mage.

Vanquished Creatures
  Vashnia (Snake:4)
  Bai Suzhen (Snake:4)
  A thorn hunter (Swamp:4)
  2 nagarajas
  A deep elf sorcerer (Elf:1)
  Aizul (Snake:4)
  2 entropy weavers (Lair:4)
  Nessos (D:13)
  Snorg (D:12)
  A green death (Swamp:4)
  Josephine (D:12)
  A rakshasa (D:15)
  A hell beast (Swamp:4)
  An ice dragon (D:15)
  6 naga warriors (Snake:4)
  8 anacondas
  A ghost crab (Swamp:3)
  17 hydras
  2 centaur warriors (D:14)
  5 alligators
  5 two-headed ogres
  An orc high priest (Orc:2)
  An ogre mage (D:15)
  2 death yaks
  11 naga sharpshooters
  4 shock serpents
  4 spriggan druids
  3 unseen horrors
  5 naga ritualists
  A deep elf archer (Elf:1)
  2 swamp dragons
  A lindwurm (Lair:6)
  4 orc knights
  9 mana vipers
  A wolf spider (D:14)
  3 orc sorcerers
  A deep elf mage (Elf:1)
  3 salamanders
  4 ugly things
  A guardian serpent (Snake:2)
  2 centaur zombies
  12 naga magi
  Maurice (D:10)
  2 gargoyles
  16 black mambas
  12 elephants
  3 molten gargoyles (Volcano)
  6 komodo dragons
  3 efreet (Volcano)
  11 spiny frogs
  2 rime drakes (Lair:6)
  3 trolls
  A jumping spider (shapeshifter) (D:15)
  Prince Ribbit (D:7)
  8 tyrant leeches
  8 hornets
  3 polar bears (Lair:6)
  12 slime creatures
  7 bog bodies
  4 hippogriffs
  5 dream sheep
  2 large abominations (Swamp:4)
  A vampire (D:15)
  15 spriggans
  2 shadows
  5 wraiths (D:12)
  3 wyverns
  5 hogs (Snake:4)
  31 yaks
  A hungry ghost (D:10)
  15 humans (D:14)
  A fire elemental (Volcano)
  3 basilisks (Lair:3)
  8 vampire mosquitoes
  7 insubstantial wisps (Swamp:2)
  37 nagas
  4 soldier ants
  A soldier ant (shapeshifter) (D:15)
  5 swamp worms
  An acid dragon (D:15)
  6 water moccasins
  6 porcupines
  3 sky beasts
  20 orc warriors
  4 swamp drakes
  3 boggarts (Lair:6)
  A phantom (D:11)
  2 black bears
  10 ogres
  10 centaurs
  18 wolves
  13 crocodiles
  A big kobold (D:13)
  2 gnoll sergeants
  6 bullfrogs
  2 wyvern zombies
  An earth elemental (Volcano)
  5 scorpions
  4 killer bees (D:8)
  2 howler monkeys
  18 knights
  2 crimson imps
  A bullfrog zombie (D:9)
  7 hounds
  7 jellies
  14 orc priests
  21 orc wizards
  2 bullfrog skeletons
  Ijyb (D:5)
  5 iguanas
  A centaur skeleton (D:11)
  17 worker ants
  2 ancestors
  2 howler monkey zombies
  10 gnolls
  13 adders
  4 shadow imps
  An ooze (Lair:6)
  An adder skeleton (D:9)
  2 worms (D:3)
  4 dart slugs
  5 leopard geckos
  76 orcs
  A ball python (D:7)
  A giant cockroach (D:2)
  6 goblins
  8 hobgoblins
  2 jackals (D:3)
  23 kobolds
  7 quokkas
  8 bats
  3 frilled lizards
  A leopard gecko skeleton (D:5)
  A leopard gecko zombie (D:9)
  2 quokka zombies
  11 rats
  A butterfly (D:9)
  A fire vortex (Volcano)
  2 fungi (Lair:6)
803 creatures vanquished.

Vanquished Creatures (collateral kills)
  Nikola (Snake:4)
  Kirke (Snake:4)
  5 nagarajas (Snake:4)
  A green death (Swamp:4)
  2 death oozes (Swamp:4)
  3 naga warriors
  2 hydras
  A ghost crab (Swamp:3)
  An ice dragon (D:15)
  An anaconda (Snake:3)
  A queen ant (Lair:4)
  4 alligators (Swamp:2)
  2 death yaks (Lair:6)
  10 naga sharpshooters
  2 orc high priests (Orc:2)
  3 shock serpents
  A thrashing horror (Swamp:4)
  An unseen horror (D:11)
  6 swamp dragons
  4 naga ritualists
  A wolf spider zombie (D:13)
  2 mana vipers (Snake:3)
  A deep elf mage (D:15)
  An orc knight (Orc:2)
  3 ugly things
  2 orc sorcerers (Orc:2)
  A cyclops (D:11)
  3 salamanders
  2 manticores
  A toenail golem (Volcano)
  2 centaur zombies
  26 black mambas
  2 gargoyles
  5 naga magi
  A rime drake (Lair:6)
  10 spiny frogs
  A kobold demonologist (D:14)
  2 komodo dragons
  A freezing wraith (D:15)
  7 tyrant leeches
  A troll (D:14)
  5 slime creatures (Swamp:4)
  3 hornets
  4 bog bodies
  A dream sheep (Lair:5)
  4 hippogriffs
  2 water elementals (D:15)
  4 spriggans
  7 shadows
  2 wyverns (Lair:5)
  A large abomination (Swamp:4)
  3 yaks
  A fire elemental (Volcano)
  2 hogs (Snake:4)
  A human (D:14)
  4 basilisks
  10 vampire mosquitoes
  3 water moccasins
  25 nagas
  2 soldier ants (Lair:4)
  8 swamp worms
  3 insubstantial wisps (Swamp:2)
  A porcupine (Lair:5)
  5 orc warriors
  6 swamp drakes
  An ice beast (D:12)
  A black bear (Lair:6)
  A phantom (D:13)
  A sky beast (D:8)
  3 ogres
  2 boggarts (Lair:6)
  9 wolves
  3 centaurs
  4 crocodiles
  A big kobold (D:8)
  4 bullfrogs
  An earth elemental (Volcano)
  A small abomination (Swamp:4)
  An electric eel (Lair:4)
  A crimson imp (D:12)
  3 bullfrog zombies
  5 orc wizards
  A hound (D:8)
  2 centaur skeletons
  2 jellies
  6 orc priests
  An iguana (D:8)
  11 worker ants
  A killer bee zombie (D:10)
  A worker ant zombie (D:8)
  7 gnolls
  An adder (D:8)
  2 shadow imps
  2 oozes
  17 orcs
  2 hobgoblins (Bailey)
  6 kobolds
  A quokka zombie (D:6)
  2 fire vortices (Volcano)
341 creatures vanquished.

Vanquished Creatures (others)
  2 spriggans
  49 knights
  8 ancestors
  A bush (D:8)
  2 fire vortices (Volcano)
  305 fulminant prisms
  21 fungi
  28 plants
416 creatures vanquished.

Grand Total: 1560 creatures vanquished

Notes
Turn   | Place    | Note
-------+----------+-------------------------------------------
     0 | D:1      | Mesmaeker13 the Draconian Conjurer began the quest for the
                  | Orb.
     0 | D:1      | Reached XP level 1. HP: 14/14 MP: 3/3
   449 | D:1      | Reached XP level 2. HP: 14/20 MP: 0/5
  1007 | D:2      | Noticed an ogre
  1211 | D:2      | Learned a level 2 spell: Searing Ray
  1470 | D:2      | Reached XP level 3. HP: 20/26 MP: 0/7
  1722 | D:2      | Reached XP level 4. HP: 33/33 MP: 5/8
  2418 | D:2      | Killed an ogre
  2418 | D:2      | Reached XP level 5. HP: 38/38 MP: 3/9
  2531 | D:2      | Reached skill level 5 in Conjurations
  2992 | D:3      | Found a sacrificial altar of Ru.
  3858 | D:4      | Learned a level 3 spell: Dazzling Spray
  3906 | D:4      | Reached XP level 6. HP: 44/45 MP: 5/11
  4421 | D:5      | Entered Level 5 of the Dungeon
  4517 | D:5      | Noticed a water moccasin
  4525 | D:5      | Killed a water moccasin
  4833 | D:5      | Your scales start taking on a pale cyan-grey colour.
  4833 | D:5      | Reached XP level 7. HP: 50/50 MP: 9/13
  4895 | D:5      | Reached skill level 1 in Hexes
  5512 | D:5      | Noticed Ijyb
  5521 | D:5      | Killed Ijyb
  5827 | D:5      | Reached skill level 5 in Dodging
  6225 | D:6      | Found a staircase to the Ecumenical Temple.
  6250 | Temple   | Entered the Ecumenical Temple
  6263 | Temple   | Became a worshipper of Hepliaklqana the Forgotten
  6379 | D:6      | Reached XP level 8. HP: 44/51 MP: 9/14
  6821 | D:6      | Noticed a troll
  6831 | D:6      | Killed a troll
  7223 | D:6      | Found an iron altar of Okawaru.
  7224 | D:6      | Found a sparkling altar of Nemelex Xobeh.
  7226 | D:6      | Found a shimmering blue altar of Sif Muna.
  7228 | D:6      | Found a shattered altar of Ashenzari.
  7551 | D:6      | Found a white marble altar of Elyvilon.
  7914 | D:6      | Reached XP level 9. HP: 46/55 MP: 3/15
  8077 | D:6      | Reached skill level 5 in Hexes
  8307 | D:7      | Learned a level 4 spell: Fulminant Prism
  8307 | D:7      | Noticed Prince Ribbit
  8328 | D:7      | Killed Prince Ribbit
  8460 | D:7      | Identified the +8 hand axe of Eternal Vigilance {protect,
                  | rF+ Int+4}
  8482 | D:7      | Found a flagged portal.
  8500 | Bailey   | Entered a bailey
  8511 | Bailey   | Noticed an orc warlord
  8627 | Bailey   | Reached * piety under Hepliaklqana
  8638 | Bailey   | Found a runed translucent gate.
  8648 | Bailey   | Found a runed translucent gate.
  8649 | Bailey   | Found a runed translucent gate.
  9660 | D:7      | Got a bloodstained cloak
  9666 | D:7      | Identified the +3 cloak of Zuzxehu {Int+3} (You found it on
                  | level 7 of the Dungeon)
 10192 | D:8      | Found a staircase to the Lair.
 10532 | D:8      | Reached XP level 10. HP: 62/62 MP: 5/16
 11362 | D:9      | Found a shimmering altar of Xom.
 11416 | D:9      | Found an iron altar of Okawaru.
 11471 | D:9      | Reached skill level 10 in Conjurations
 11656 | D:9      | Found a staircase to the Orcish Mines.
 11868 | D:9      | Killed an unseen horror
 12333 | D:10     | Entered Level 10 of the Dungeon
 12696 | D:10     | Noticed Maurice
 12722 | D:10     | Killed Maurice
 12722 | D:10     | Reached skill level 1 in Shields
 12722 | D:10     | Reached XP level 11. HP: 32/66 MP: 4/17
 13029 | D:10     | Reached ** piety under Hepliaklqana
 13030 | D:10     | Remembered your ancestor Njabulo as a knight
 13198 | Lair:1   | Entered Level 1 of the Lair of Beasts
 13451 | Lair:1   | Reached skill level 2 in Shields
 14343 | Lair:2   | Learned a level 3 spell: Mephitic Cloud
 14410 | Lair:2   | Reached *** piety under Hepliaklqana
 14469 | Lair:2   | Reached skill level 3 in Shields
 14489 | Lair:2   | Noticed a six-headed hydra
 14495 | Lair:2   | Killed a six-headed hydra
 14673 | Lair:2   | Reached skill level 4 in Shields
 15177 | Lair:3   | Reached skill level 5 in Shields
 16764 | Lair:4   | Reached **** piety under Hepliaklqana
 16923 | Lair:4   | Noticed an entropy weaver
 16923 | Lair:4   | Noticed an entropy weaver
 16924 | Lair:4   | Noticed a queen ant
 16931 | Lair:4   | Reached XP level 12. HP: 72/72 MP: 15/18
 16949 | Lair:4   | Killed an entropy weaver
 16949 | Lair:4   | Reached skill level 6 in Shields
 17441 | Lair:4   | Reached skill level 1 in Air Magic
 17507 | Lair:4   | Reached skill level 10 in Hexes
 17758 | Lair:4   | Found a staircase to the Swamp.
 17848 | Lair:4   | Gained mutation: Your tail ends in a poisonous barb.
                  | [potion of mutation]
 17848 | Lair:4   | Gained mutation: You have sharp toenails. [potion of
                  | mutation]
 17848 | Lair:4   | Gained mutation: Your spells are a little harder to cast,
                  | but a little more powerful. [potion of mutation]
 17852 | Lair:4   | Killed an entropy weaver
 18554 | Lair:4   | Killed a queen ant
 18554 | Lair:4   | Reached skill level 7 in Shields
 18554 | Lair:4   | Reached skill level 1 in Poison Magic
 18962 | Lair:4   | Found a staircase to the Snake Pit.
 19848 | Lair:5   | Reached skill level 8 in Shields
 19924 | Lair:5   | Noticed a six-headed hydra
 19932 | Lair:5   | Killed a six-headed hydra
 20646 | Lair:6   | Entered Level 6 of the Lair of Beasts
 20721 | Lair:6   | Reached ***** piety under Hepliaklqana
 20731 | Lair:5   | Reached XP level 13. HP: 61/77 MP: 19/19
 21594 | Lair:5   | Reached skill level 5 in Spellcasting
 21984 | Lair:6   | Reached skill level 9 in Shields
 22797 | Lair:5   | Reached skill level 10 in Shields
 23442 | Lair:6   | Found a staircase to the Slime Pits.
 24697 | D:11     | Got a polished spear
 24698 | D:11     | Identified the +5 spear "Rutis" {flame, rElec Dex+3} (You
                  | found it on level 11 of the Dungeon)
 24709 | D:11     | Found Opaoneph's Distillery.
 24726 | D:11     | Bought 2 potions of heal wounds for 150 gold pieces
 24917 | D:11     | Reached XP level 14. HP: 83/83 MP: 20/26
 25019 | D:11     | Reached skill level 11 in Shields
 25063 | D:11     | Identified a scroll of acquirement
 25399 | D:11     | Found a burning altar of Makhleb.
 25603 | D:12     | Noticed Josephine
 25612 | D:12     | Killed Josephine
 25752 | D:12     | Found Ihemodet's Food Shop.
 26187 | D:12     | Noticed Snorg
 26202 | D:12     | Killed Snorg
 26409 | D:12     | You fall into a shaft and drop 3 floors!
 26409 | D:15     | Entered Level 15 of the Dungeon
 26862 | D:13     | Noticed Nessos
 26877 | D:13     | Killed Nessos
 27145 | D:13     | You fall into a shaft and drop 1 floor!
 27295 | D:14     | Found a gate to the Vaults.
 27560 | D:14     | Reached skill level 10 in Dodging
 27682 | D:14     | Reached skill level 12 in Shields
 28000 | D:14     | Noticed Rupert
 28021 | D:14     | Paralysed by Rupert for 7 turns
 28104 | D:15     | Reached ****** piety under Hepliaklqana
 28428 | D:15     | Identified the amulet "Cotsut" {Faith Dex+4}
 29011 | D:15     | Reached XP level 15. HP: 68/89 MP: 10/28
 29536 | D:15     | Found a staircase to the Depths.
 29788 | Orc:1    | Entered Level 1 of the Orcish Mines
 30071 | Orc:2    | Entered Level 2 of the Orcish Mines
 30085 | Orc:2    | Found a dark tunnel.
 30103 | Volcano  | Entered a volcano
 31218 | Volcano  | Reached skill level 10 in Spellcasting
 31540 | Orc:1    | Found a roughly hewn altar of Beogh.
 31577 | Orc:1    | Found Ligravva's Book Shop.
 31779 | Orc:1    | Bought a book of Fire for 910 gold pieces
 31787 | Orc:1    | Learned a level 5 spell: Fireball
 31878 | Orc:2    | Found a staircase to the Elven Halls.
 31959 | Orc:2    | Found a shimmering blue altar of Sif Muna.
 32397 | Orc:2    | Found a roughly hewn altar of Beogh.
 32684 | Orc:2    | Reached skill level 1 in Fire Magic
 33190 | Orc:2    | Found Hylayg's Magic Scroll Shop.
 33190 | Orc:2    | Found Hec Emp's Assorted Antiques.
 33192 | Orc:2    | Found Ysitynaq's Antique Weapon Emporium.
 33192 | Orc:2    | Found Micen's Jewellery Shop.
 33203 | Orc:2    | Bought a scroll of identify for 24 gold pieces
 33205 | Orc:2    | Bought the amulet of the Four Winds {rN+ MR+++ Clar} for
                  | 570 gold pieces
 33205 | Orc:2    | Found the amulet of the Four Winds {rN+ MR+++ Clar}
 33223 | Orc:2    | Bought a potion of curing for 90 gold pieces
 33226 | Orc:2    | Bought a brightly glowing mace for 312 gold pieces
 33230 | Orc:2    | Bought a scroll of summoning for 114 gold pieces
 33230 | Orc:2    | Bought a scroll of identify for 24 gold pieces
 33231 | Orc:2    | Identified the +7 mace of the Endless Expanse {holy, rElec
                  | Dex+4} (You bought it in a shop on level 2 of the Orcish
                  | Mines)
 33520 | Swamp:1  | Entered Level 1 of the Swamp
 34042 | Swamp:1  | Reached skill level 13 in Shields
 34858 | Swamp:2  | Reached skill level 5 in Fire Magic
 35202 | Swamp:2  | Identified the Papyrus of Anarchy
 36790 | Swamp:3  | Reached XP level 16. HP: 46/94 MP: 4/30
 37050 | Swamp:3  | Reached skill level 14 in Shields
 37664 | Swamp:4  | Entered Level 4 of the Swamp
 37823 | Swamp:4  | Noticed a thorn hunter
 37827 | Swamp:4  | Killed a thorn hunter
 39426 | Swamp:4  | Reached skill level 10 in Fire Magic
 39791 | Swamp:4  | Reached skill level 15 in Shields
 40260 | Swamp:4  | Got a decaying rune of Zot
 40580 | Lair:1   | Learned a level 6 spell: Bolt of Fire
 40746 | Orc:2    | Bought a scroll of teleportation for 90 gold pieces
 41028 | Snake:1  | Entered Level 1 of the Snake Pit
 41639 | Snake:1  | Reached skill level 1 in Polearms
 43193 | Snake:2  | Reached XP level 17. HP: 52/99 MP: 11/31
 44004 | Snake:2  | Found a radiant altar of Vehumet.
 46349 | Snake:3  | Reached skill level 5 in Polearms
 46821 | Snake:4  | Entered Level 4 of the Snake Pit
 46830 | Snake:4  | Noticed Kirke
 46949 | Snake:4  | Noticed Nikola
 46960 | Snake:4  | Killed Nikola
 47627 | Snake:4  | Found Sadeloq's Antique Weapon Boutique.
 48170 | Snake:4  | Killed Kirke
 48832 | Snake:4  | Reached skill level 1 in Invocations
 48852 | Snake:4  | Noticed Aizul
 49323 | Snake:4  | Killed Aizul
 50419 | Snake:4  | Noticed Bai Suzhen
 50803 | Snake:4  | Killed Bai Suzhen
 50803 | Snake:4  | Reached XP level 18. HP: 56/105 MP: 15/33
 51388 | Snake:4  | Noticed Vashnia
 51686 | Snake:4  | Killed Vashnia
 52784 | Snake:4  | Got a serpentine rune of Zot
 53194 | Elf:1    | Entered Level 1 of the Elven Halls
 53209 | Elf:1    | Killed from afar by a deep elf sorcerer

Levels and vault maps discovered:
D:1:      dpeg_arrival_rooms_c, layout_rooms, chequers_serial_rivers_micro_e
D:2:      layout_loops_ring, minmay_tall_x
D:3:      layout_rooms, first_ration, nicolae_ru_sacrificial_ziggurat
D:4:      layout_gridville, guppyfry_early_lair_pool
D:5:      layout_loops_ring, uniq_ijyb
D:6:      minmay_chambers_of_threes, layout_loops_ring,
          grunt_temple_overflow_open, minmay_temple_entry_crystal_x
D:7:      layout_loops_ring, enter_bailey_2, grunt_ogre_cave,
          uniq_prince_ribbit1
D:8:      layout_rooms, minmay_lair_entry_grove, grunt_ministairs_11
D:9:      layout_basic, xom_butterflies, erik_orc_1, okawaru_metal_pillars_3
D:10:     layout_long_grid, ebering_dispersal_statue_hall, uniq_maurice
D:11:     layout_roguey, serial_shops, shop, minmay_liquid_box,
          makhleb_altar_promises_db
D:12:     layout_roguey, serial_shops, shop, st_stairs_13, uniq_josephine,
          uniq_snorg
D:13:     layout_irregular_city, serial_shops, shop, minmay_misc_feat_x,
          uniq_erolcha, uniq_nessos
D:14:     layout_long_grid, david_vaults_3, serial_co_window_serial,
          co_window_of_opportunity_a, co_window_corner_a,
          co_window_of_opportunity_a, co_window_corner_a, co_window_paths_a,
          co_window_paths_a, co_window_paths_a, co_window_broadway_c,
          co_window_paths_c, co_window_broadway_b, co_window_4corner_b,
          co_window_paths_d, glass_columns_b, glass_columns_a, glass_columns_a,
          glass_columns_c, glass_columns_a, uniq_rupert
D:15:     grunt_enter_depths_hoard, layout_rooms, serial_bayou_ford_a
Temple:   compressed_dpeg_circular_temple
Lair:1:   layout_big_grid, grunt_megastairs_1
Lair:2:   layout_roguey, nicolae_quartered_pool_medium
Lair:3:   layout_cave_pods, kennysheep_basilisk_garden
Lair:4:   layout_regular_city, swamp_mist, dummy_snake_entry,
          minmay_another_anthill, serial_bayou_shore_a
Lair:5:   layout_regular_city, serial_bayou_lagoon_a,
          chequers_serial_rivers_micro_b, grunt_megastairs_2
Lair:6:   minmay_lair_end_enchanted_forest, layout_regular_city,
          nicolae_slime_entry_slimehenge
Swamp:1:  layout_falls_marsh, evilmike_swamp_ruin_house_4
Swamp:2:  layout_basic_swamp, evilmike_swamp_ruin_rubble_1,
          infiniplex_staircase_pool
Swamp:3:  layout_basic_swamp, serial_swamp_ruin, evilmike_swamp_ruin_house_3,
          evilmike_swamp_ruin_house_2, infiniplex_staircase_pool_2
Swamp:4:  swamp_vile, layout_basic_swamp
Snake:1:  layout_onion
Snake:2:  layout_misc_corridors, basic_altar, grunt_ministairs_9
Snake:3:  layout_chambers
Snake:4:  minmay_snake_end_coiled, layout_misc_corridors, serial_shops, shop,
          drop_trap, uniq_bai_suzhen, uniq_kirke, uniq_vashnia, uniq_nikola,
          uniq_aizul
Orc:1:    layout_caves, serial_shops, shop_statue, mines1_david
Orc:2:    grunt_orc_tribal_feast, layout_caves, basic_altar,
          nicolae_volcano_entry_lava_flow, led_sif_book
Elf:1:    layout_geoelf_octagon, orc_legates, drop_trap, minmay_strange_pillars

Skill      XL: |  1  2  3  4  5  6  7  8  9 10 11 12 13 14 15 16 17 18 |
---------------+-------------------------------------------------------+-----
Dodging        | 2 3 4 5 6 7 9 10 11 12 | 12.9
Spellcasting   | 3 4 8 9 10 11 12 | 12.2
Conjurations   | 5 6 7 9 10 11 12 13 | 13.1
Hexes          | 2 4 6 8 9 11 12 | 12.0
Shields        | 1 5 8 10 12 13 15 | 15.0
Air Magic      | 3 |  3.2
Poison Magic   | 4 |  4.2
Fire Magic     | 7 11 13 | 13.5
Polearms       | 2 6 |  6.0
Invocations    | 3 4 |  4.9
Stealth        | |  1.7

Action                   |  1- 3 |  4- 6 |  7- 9 | 10-12 | 13-15 | 16-18 || total
-------------------------+-------+-------+-------+-------+-------+-------++-------
Melee: Unarmed           |     9 |       |       |       |       |       ||     9
       Dagger            |    14 |    10 |    22 |       |       |       ||    46
       Tailslap          |     1 |       |     7 |    34 |    71 |    53 ||   166
       Spear             |       |       |    66 |     6 |   649 |   750 ||  1471
       Hand axe          |       |       |    18 |   220 |    99 |    11 ||   348
       Trident           |       |       |       |       |     3 |       ||     3
Throw: Dart              |       |       |     3 |       |       |       ||     3
 Cast: Magic Dart        |    40 |    96 |    90 |   104 |   134 |     5 ||   469
       Searing Ray       |     2 |    13 |    31 |    78 |   105 |       ||   229
       Fulminant Prism   |       |       |     6 |    41 |   150 |   108 ||   305
       Dazzling Spray    |       |       |     6 |     4 |    27 |    25 ||    62
       Mephitic Cloud    |       |       |       |       |     3 |       ||     3
       Fireball          |       |       |       |       |    38 |    76 ||   114
       Bolt of Fire      |       |       |       |       |       |    72 ||    72
Invok: Recall Ancestor   |       |       |       |     2 |     7 |     7 ||    16
       Ancestor Life: Kn |       |       |       |     1 |       |       ||     1
       Idealise          |       |       |       |       |       |     2 ||     2
 Abil: Breathe Steam     |       |       |     5 |    12 |    23 |    10 ||    50
Evoke: Wand              |       |       |    12 |    27 |    20 |     8 ||    67
       Fan of gales      |       |       |       |       |     1 |       ||     1
  Use: Scroll            |     3 |     4 |     7 |     9 |    19 |    22 ||    64
       Potion            |       |       |     2 |     2 |     8 |    10 ||    22
 Stab: Sleeping          |       |       |     2 |     1 |     4 |     2 ||     9
       Distracted        |       |       |       |     4 |     5 |     9 ||    18
       Invisible         |       |       |       |       |     5 |     2 ||     7
  Eat: Chunk             |     3 |     4 |    15 |    19 |    38 |    19 ||    98
       Ration            |       |     2 |     1 |     6 |    10 |    22 ||    41
Armor: Skin              |    12 |     9 |    26 |   152 |   277 |   152 ||   628
Dodge: Dodged            |    34 |    24 |   120 |   353 |   644 |   428 ||  1603
Block: Shield            |       |       |       |       |   494 |   418 ||   912
